 Dungeon Crawl Stone Soup version 0.17.2-1-ge4368a0 (webtiles) character file.

1747 Goblin1989 the Cleaver (level 8, -13/58 HPs)
             Began as a Demonspawn Gladiator on Aug 23, 2016.
             Mangled by a shadow (26 damage)
             ... summoned by the severe capriciousness of Xom
             ... on level 6 of the Dungeon.
             The game lasted 00:17:27 (6035 turns).

Goblin1989 the Cleaver (Demonspawn Gladiator)       Turns: 6035, Time: 00:17:27

Health: -13/58     AC: 13    Str: 17    XL:     8   Next: 77%
Magic:  0/8        EV:  3    Int: 13    God:    Xom [*.....]
Gold:   540        SH:  8    Dex: 16    Spells: 1 memorised, 4 levels left

rFire  + + .     SeeInvis .     a - +0 war axe
rCold  . . .     Clarity  +     A - +1 plate armour {rF+}
rNeg   . . .     SustAt   .     l - +0 shield (curse)
rPois  .         Gourm    .     c - +0 helmet
rElec  .         Spirit   +     (no cloak)
rCorr  .         Warding  .     h - +0 pair of gloves
rMut   .         Stasis   .     w - +0 pair of boots
MR     .....                    (no amulet)
Stlth  ..........               D - +5 ring of dexterity
                                f - ring of loudness

@: not resistant to hostile enchantments, extremely unstealthy
A: hooves 1, thin metallic scales 2, blurry vision 1, clarity, clever 1, clumsy
1, deformed body, demonic guardian 1, fire resistance 1, screaming 1, spit
poison 1, magic shield
a: Spit Poison, Renounce Religion


You were on level 6 of the Dungeon.
You worshipped Xom.
You were a special plaything of Xom.
You were not hungry.

You visited 1 branch of the dungeon, and saw 6 of its levels.
You also visited: Sewer and Ossuary.

You collected 603 gold pieces.
You spent 63 gold pieces at shops.

Inventory:

Hand Weapons
 a - a +0 war axe (weapon)
 G - a +1 flail of protection
Missiles
 d - 5 throwing nets (quivered)
Armour
 c - a +0 helmet (worn)
 h - a +0 pair of gloves (worn)
 l - a cursed +0 shield (worn)
 w - a +0 pair of boots (worn)
 A - a +1 plate armour of fire resistance (worn)
Jewellery
 f - a ring of loudness (left hand)
 D - a +5 ring of dexterity (right hand)
Wands
 n - a wand of invisibility (0)
Scrolls
 g - 9 scrolls of identify
 k - 3 scrolls of magic mapping
 m - 4 scrolls of remove curse
 t - a scroll of immolation {unknown}
 B - a scroll of silence {unknown}
Potions
 b - 2 potions of resistance
 i - a potion of cancellation {unknown}
 o - 2 potions of ambrosia
 r - 2 potions of flight
 s - a potion of agility {unknown}
 u - 2 potions of brilliance {unknown}
 v - a potion of heal wounds {unknown}
 x - a potion of berserk rage {unknown}
 z - 4 potions of lignification {unknown}
 C - a potion of curing
Comestibles
 e - 5 bread rations
 j - 3 meat rations
 p - 2 beef jerkies
 q - a slice of pizza
 E - 4 fruits
 F - 2 chunks of flesh


   Skills:
 + Level 3.1 Fighting
 * Level 10.1 Axes
 - Level 1.7 Throwing
 + Level 2.0 Armour
 - Level 2.6 Dodging
 + Level 1.2 Shields


You had 4 spell levels left.
You knew the following spells:

 Your Spells              Type           Power        Failure   Level  Hunger
a - Regeneration          Chrm/Necr      #.........   100%        3    ####...


Dungeon Overview and Level Annotations

Branches:
Dungeon (6/15)             Temple (0/1) D:6

Altars:
Xom

Shops:
D:5 !


Innate Abilities, Weirdness & Mutations

You have large cloven feet.
You are mostly covered in thin metallic scales (AC +3).
A weak demonic guardian rushes to your aid.
When hurt, damage is shared between your health and your magic reserves.
Scrolls take you a little longer to read.
You possess an exceptional clarity of mind.
Your mind is acute. (Int +2)
You are clumsy. (Dex -2)
Armour fits poorly on your strangely shaped body.
Your flesh is heat resistant.
You occasionally shout uncontrollably at your foes.
You can spit weak poison.


Message History

You closely miss the shadow.
The shadow is severely damaged.
The shadow hits you.
Your iron imp barely misses the shadow.
Your iron imp hits the shadow.
The shadow hits your iron imp.
Your shield and plate armour prevent you from hitting the shadow.
The shadow is almost destroyed.
The shadow closely misses your iron imp.
Your iron imp barely misses the shadow.
Your iron imp hits the shadow.
The shadow hits your iron imp.
You hit the shadow.
The shadow is almost destroyed.
The shadow disappears in a puff of smoke!
The shadow slips into darkness.
The shadow flickers and vanishes!
Deactivating autopickup; reactivate with Ctrl-A.
Your iron imp barely misses something.
You closely miss something.
The shadow strikes at you from the darkness!
You die...
Xom chortles!

..# #.# ..%..# ..#
#.# ... .... ..#
#.#.......)# #.#
#.##.#.....## #.#
#.##.#.###..## #.#
#(...........#
..#####))#.#.#.#.#5#
........).......5{.#
.>.....#)#......@#.#
####...............#
#.#.#.#...>...#.#
#.#.#)..........#
#.#.#.#.......#.#
#.#.#..).........#
#.#.#.#.#.#.#.#..#
..#.#............#
###.#...#.###.##.#


You could see 2 friendly iron imps.

Vanquished Creatures
  Sigmund (D:4)
  An orc warrior (D:6)
  3 ogres
  A phantom (D:6)
  An elf zombie (Ossuary)
  A gnoll sergeant (D:6)
  Dowan (D:5)
  A quasit (D:5)
  2 hounds (D:4)
  3 jellies
  2 giant frog skeletons (D:5)
  2 orc priests
  4 orc wizards
  Natasha (thrice) (D:3 D:6)
  A big kobold zombie (Ossuary)
  2 mummies (Ossuary)
  Robin (D:4)
  8 adders
  5 gnolls
  A shadow imp (D:5)
  4 oozes (Sewer)
  An adder skeleton (D:5)
  6 worms
  5 giant geckos
  24 orcs
  10 bats
  6 giant cockroaches
  3 gnoll zombies (Ossuary)
  13 goblins
  13 hobgoblins
  6 jackals
  7 kobolds
  A quokka (D:4)
  5 ball pythons
  A giant gecko skeleton (D:5)
  5 giant newts
  2 goblin zombies (Ossuary)
  2 hobgoblin zombies (Ossuary)
  A jackal skeleton (D:4)
  3 orc zombies (Ossuary)
  2 rats
164 creatures vanquished.

Vanquished Creatures (collateral kills)
  Duvessa (D:5)
  An ogre (D:4)
  2 orc wizards
  A hound (D:6)
  An iguana (D:3)
  2 gnolls (D:3)
  3 orcs
  2 hobgoblin zombies (Ossuary)
13 creatures vanquished.

Grand Total: 177 creatures vanquished

Notes
Turn   | Place    | Note
--------------------------------------------------------------
     0 | D:1      | Goblin1989 the Demonspawn Gladiator began the quest for the Orb.
     0 | D:1      | Reached XP level 1. HP: 16/16 MP: 1/1
   149 | D:1      | Reached skill level 3 in Axes
   313 | D:1      | Gained mutation: When hurt, damage is shared between your health and your magic reserves. [demonic ancestry]
   313 | D:1      | Reached XP level 2. HP: 16/22 MP: 2/2
  1020 | D:2      | Gained mutation: A weak demonic guardian rushes to your aid. [demonic ancestry]
  1020 | D:2      | Reached XP level 3. HP: 27/27 MP: 3/3
  1029 | D:2      | Reached skill level 4 in Axes
  1909 | D:3      | Found a faded altar to an unknown god.
  1910 | D:3      | Noticed Natasha
  1913 | D:3      | Became a worshipper of Xom of Chaos
  1913 | D:3      | XOM: potion effect (agility)
  1915 | D:3      | XOM: potion effect (invisibility)
  1918 | D:3      | Gained mutation: You are partially covered in thin metallic scales (AC +2). [demonic ancestry]
  1918 | D:3      | Reached XP level 4. HP: 17/33 MP: 2/4
  1920 | D:3      | Killed Natasha
  1921 | D:3      | Reached skill level 5 in Axes
  2262 | D:3      | Gained mutation: You are mostly covered in thin metallic scales (AC +3). [demonic ancestry]
  2262 | D:3      | Reached XP level 5. HP: 38/38 MP: 5/5
  2504 | D:3      | Noticed a two-headed ogre
  2595 | D:4      | Noticed Robin
  2596 | D:4      | Found a sand-covered staircase.
  2597 | D:4      | XOM: cast spell 'Confusing Touch'
  2604 | Ossuary  | Entered an ossuary
  2618 | Ossuary  | Reached skill level 6 in Axes
  2643 | Ossuary  | Reached XP level 6. HP: 18/44 MP: 1/6
  2732 | D:4      | XOM: harmless Fire miscast
  2813 | D:4      | Found a glowing drain.
  2818 | Sewer    | Entered a sewer
  2837 | Sewer    | XOM: harmless Ice miscast
  2894 | Sewer    | XOM: medium Pois miscast
  3010 | Sewer    | XOM: medium Fire miscast
  3094 | Sewer    | XOM: silly message
  3568 | Sewer    | XOM: enchant monster (good)
  3700 | D:4      | Killed Robin
  3753 | D:4      | Learned a level 3 spell: Regeneration
  3808 | D:4      | Got a pitted buckler
  3814 | D:4      | Identified the +0 buckler "Pubregiz" {rF+ Str+2} (You found it on level 4 of the Dungeon)
  3846 | D:4      | Noticed Sigmund
  3847 | D:4      | XOM: summons 2 friendly demons
  3858 | D:4      | Killed Sigmund
  3858 | D:4      | Reached skill level 7 in Axes
  3858 | D:4      | Gained mutation: You have large cloven feet. [demonic ancestry]
  3858 | D:4      | Reached XP level 7. HP: 37/50 MP: 7/7
  3887 | D:4      | XOM: 2-stop teleportation journey
  4067 | D:4      | Noticed an ogre
  4072 | D:4      | Killed an ogre
  4072 | D:4      | Reached skill level 8 in Axes
  4180 | D:4      | XOM: harmless Fire miscast
  4294 | D:4      | XOM: scenery: create altars
  4385 | D:4      | XOM: give mutations
  4385 | D:4      | Gained mutation: Scrolls take you a little longer to read. [Xom's mischief]
  4385 | D:4      | Gained mutation: You are clumsy. (Dex -2) [Xom's mischief]
  4482 | D:4      | Noticed an ogre
  4488 | D:4      | Killed an ogre
  4558 | D:4      | XOM: harmless Tloc miscast
  4669 | D:4      | XOM: noise
  4755 | D:4      | XOM: silly message
  4789 | D:5      | Entered Level 5 of the Dungeon
  4889 | D:5      | XOM: potion effect (curing)
  4894 | D:5      | XOM: polymorph crimson imp -> quasit
  4980 | D:5      | XOM: cast spell 'Summon Hydra'
  4983 | D:5      | Noticed Duvessa
  4986 | D:5      | Killed Duvessa
  4991 | D:5      | Noticed Dowan
  5016 | D:5      | Killed Dowan
  5016 | D:5      | Reached skill level 9 in Axes
  5016 | D:5      | Reached XP level 8. HP: 44/56 MP: 8/8
  5291 | D:5      | Found Qex Soti's Distillery.
  5294 | D:5      | Bought a potion of mutation for 35 gold pieces
  5294 | D:5      | Bought 2 potions of poison for 28 gold pieces
  5295 | D:5      | Gained mutation: Your flesh is heat resistant. [potion of mutation]
  5295 | D:5      | Gained mutation: You possess an exceptional clarity of mind. [potion of mutation]
  5295 | D:5      | Gained mutation: Your mind is acute. (Int +2) [potion of mutation]
  5296 | D:5      | Gained mutation: Armour fits poorly on your strangely shaped body. [potion of mutation]
  5296 | D:5      | Gained mutation: You occasionally shout uncontrollably at your foes. [potion of mutation]
  5296 | D:5      | Gained mutation: You can spit weak poison. [potion of mutation]
  5371 | D:5      | XOM: medium Divn miscast
  5500 | D:6      | XOM: enchant monster (bad)
  5503 | D:6      | XOM: noise
  5590 | D:6      | XOM: enchant monster (bad)
  5620 | D:6      | Reached skill level 1 in Armour
  5755 | D:6      | Noticed Natasha
  5762 | D:6      | Killed Natasha
  5961 | D:6      | Found a staircase to the Ecumenical Temple.
  5962 | D:6      | Noticed Natasha
  5971 | D:6      | Killed Natasha
  5980 | D:6      | Reached skill level 10 in Axes
  5980 | D:6      | Reached skill level 1 in Shields
  6021 | D:6      | XOM: medium Necr miscast
  6035 | D:6      | Mangled by a shadow

Action                   |  1- 3 |  4- 6 |  7- 9 || total
-------------------------+-------+-------+-------++-------
Melee: War axe           |    90 |   244 |   234 ||   568
  Use: Potion            |     1 |     2 |     3 ||     6
       Scroll            |     3 |     4 |       ||     7
 Stab: Invisible         |     1 |     1 |       ||     2
       Distracted        |       |       |     2 ||     2
  Eat: Chunk             |     2 |     7 |     5 ||    14
       Pizza             |       |     1 |       ||     1
       Royal jelly       |       |       |     1 ||     1
